 Dungeon Crawl Stone Soup version 0.23.2-40-g277498a001 (webtiles) character file.

Game seed: 13617861164148855922

49 Amplified the Chopper (level 3, -2/31 HPs)
             Began as a Minotaur Gladiator on Sept 23, 2019.
             Slain by an adder (4 damage)
             ... on level 2 of the Dungeon.
             The game lasted 00:01:13 (943 turns).

Amplified the Chopper (Minotaur Gladiator)           Turns: 943, Time: 00:01:13

Health: -2/31      AC:  5    Str: 18    XL:     3   Next: 51%
Magic:  2/2        EV: 13    Int:  8    God:
Gold:   64         SH:  4    Dex: 11    Spells: 2/2 levels left

rFire    . . .     SeeInvis .   a - +0 war axe
rCold    . . .     Gourm    .   (no shield)
rNeg     . . .     Faith    .   b - +0 leather armour
rPois    .         Spirit   .   c - +0 hat
rElec    +         Reflect  .   l - +0 cloak
rCorr    .         Harm     .   (no gloves)
MR       .....                  i - +0 pair of boots
Stlth    +.........             (no amulet)
HPRegen  0.10/turn              (no ring)
MPRegen  0.08/turn              (no ring)

@: no status effects
A: retaliatory headbutt, horns 2, large bone plates 1, clever 1, high mp 1,
electricity resistance
a: no special abilities


You were on level 2 of the Dungeon.
You were not hungry.

You visited 1 branch of the dungeon, and saw 2 of its levels.

You collected 64 gold pieces.

Inventory:

Hand Weapons
 a - a +0 war axe (weapon)
Missiles
 d - 2 throwing nets (quivered)
Armour
 b - a +0 leather armour (worn)
 c - a +0 hat (worn)
 i - a +0 pair of boots (worn)
 l - a +0 cloak (worn)
Scrolls
 e - a scroll of teleportation
 j - a scroll of immolation
 k - a scroll of identify
Comestibles
 f - 2 rations


   Skills:
 * Level 3.4 Fighting
 * Level 4.3 Axes
 - Level 2.0 Throwing
 + Level 1.3 Armour
 + Level 3.6 Dodging


You had 2 spell levels left.
You didn't know any spells.
Your spell library was empty.

Dungeon Overview and Level Annotations

Branches:
Dungeon (2/15)

Altars:

Annotations:
D:2 Robin


Innate Abilities, Weirdness & Mutations

You reflexively headbutt those who attack you in melee.
You have a pair of horns on your head.
You are partially covered in large bone plates. (SH +4)
Your mind is acute. (Int +2)
You have an increased reservoir of magic. (+10% MP)
You are resistant to electric shocks. (rElec)


Message History

A goblin comes into view. It is wielding a +0 club.
A worm comes into view.
A frilled lizard comes into view.
Found four items.
The frilled lizard hisses angrily.
A kobold comes into view. It is wielding a +0 club.
You aren't carrying any potions.
Unknown command.
The kobold throws a stone.
The stone hits you.
* * * LOW HITPOINT WARNING * * *
You see here a stone.
Found a ring mail.
Found a stone staircase leading down.
Throwing (i - inventory)
d - 3 throwing nets (quivered)
Press: ? - help, Shift-Dir - straight line, f - adder
Aim: an adder You throw a throwing net.
The throwing net closely misses the adder.
The throwing net hits the frilled lizard.
The frilled lizard is caught in the net!
The adder bites you.
You die...

## #> #. #
#. .# #.
####..#
#.#......#
#.$.[.####
#.@.......
##S#######
#lg.w...#+
##........
#..l.....
#........
#....K...
#?.......
#........


You could see an adder, a goblin, a kobold and 2 frilled lizards.

Vanquished Creatures
  An adder (D:2)
  A worm (D:2)
  A dart slug (D:1)
  A leopard gecko (D:1)
  A ball python (D:1)
  2 bats (D:1)
  A giant cockroach (D:1)
  3 hobgoblins
  3 frilled lizards
  10 goblins
  2 kobolds (D:1)
  5 rats (D:1)
31 creatures vanquished.

Notes
Turn   | Place    | Note
-------+----------+-------------------------------------------
     0 | D:1      | Amplified the Minotaur Gladiator began the quest for the
                  | Orb.
     0 | D:1      | Reached XP level 1. HP: 18/18 MP: 0/0
   222 | D:1      | Reached XP level 2. HP: 21/25 MP: 1/1
   300 | D:1      | Reached skill level 4 in Axes
   545 | D:1      | Reached skill level 1 in Armour
   725 | D:2      | Reached XP level 3. HP: 31/31 MP: 2/2
   924 | D:2      | Noticed Robin
   925 | D:2      | Gained mutation: You have an increased reservoir of magic.
                  | (+10% MP) [potion of mutation]
   925 | D:2      | Gained mutation: You are partially covered in large bone
                  | plates. (SH +4) [potion of mutation]
   925 | D:2      | Gained mutation: You are resistant to electric shocks.
                  | (rElec) [potion of mutation]
   925 | D:2      | Gained mutation: Your mind is acute. (Int +2) [potion of
                  | mutation]
   943 | D:2      | Slain by an adder

Skill      XL: |  1  2 |
---------------+-------+-----
Axes           | 4 |  4.3
Fighting       | 3 |  3.4
Armour         | 1 |  1.3
Throwing       | |  2.0
Dodging        | |  3.6

Action                   || total
-------------------------++-------
Melee: War axe           ||    56
       Headbutt          ||     8
Throw: Throwing net      ||     1
  Use: Scroll            ||     4
       Potion            ||     1
Armor: Leather armour    ||    19
Dodge: Dodged            ||    40
Block: Other             ||     6
